 Dungeon Crawl Stone Soup version 0.30-a0-778-g2ef04afb54 (webtiles) character file.

Game seed: 18121514763790398134

835 mopl the Vexing (level 7, -2/36 HPs)
             Began as a Deep Elf Enchanter on Feb 15, 2023.
             Killed by divine providence
             ... invoked by an orc priest
              (15 damage)
             ... on level 5 of the Dungeon.
             The game lasted 00:07:24 (3483 turns).

mopl the Vexing (Deep Elf Enchanter)                Turns: 3483, Time: 00:07:25

Health: -2/36      AC:  4    Str:  5    XL:     7   Next: 66%
Magic:  12/18      EV: 12    Int: 22    God:
Gold:   239        SH:  0    Dex: 15    Spells: 5/18 levels left

rFire   . . .      SeeInvis .    a - +6 dagger
rCold   . . .      Faith    .    (no shield)
rNeg    . . .      Spirit   .    b - +0 robe
rPois   +          Reflect  .    (no helmet)
rElec   .          Harm     .    m - +0 cloak
rCorr   .          Rampage  .    q - +0 pair of gloves
Will    .....                    (no boots)
Stlth   +++                      w - amulet of magic regeneration
HPRegen 0.26/turn                h - ring of wizardry
MPRegen 0.56/turn                G - ring of poison resistance

@: very slightly contaminated
A: no striking features
a: no special abilities


You were on level 5 of the Dungeon.
You visited 2 branches of the dungeon, and saw 6 of its levels.

You collected 239 gold pieces.

Inventory:

Hand Weapons
 a - a +6 dagger (weapon)
 F - a +2 dagger of speed
Missiles
 n - 6 poisoned darts
 z - 5 boomerangs of dispersal
Armour
 b - a +0 robe (worn)
 m - a +0 cloak (worn)
 q - a +0 pair of gloves (worn)
Jewellery
 h - a ring of wizardry (left hand)
 w - an amulet of magic regeneration (around neck)
 y - an amulet of guardian spirit
 G - a ring of poison resistance (right hand)
Wands
 l - a wand of roots (6)
Scrolls
 d - a scroll of acquirement {unknown}
 g - 3 scrolls of brand weapon {unknown}
 i - a scroll of immolation {unknown}
 j - a scroll of poison {unknown}
 k - a scroll of silence {unknown}
 o - 2 scrolls of enchant armour {unknown}
 p - a scroll of enchant weapon {unknown}
 r - 2 scrolls of teleportation {unknown}
 s - a scroll of torment {unknown}
 x - 5 scrolls of summoning {unknown}
 C - a scroll of magic mapping {unknown}
 E - 2 scrolls of fear {unknown}
Potions
 c - 3 potions of invisibility
 e - 3 potions of curing
 f - 2 potions of haste
 t - a potion of brilliance
 u - 2 potions of heal wounds
 v - 2 potions of mutation {!q}
 A - a potion of cancellation
 B - a potion of lignification {!q}
 D - 2 potions of degeneration {unknown}


   Skills:
 + Level 4.2 Short Blades
 - Level 2.4 Dodging
 + Level 6.6 Stealth
 + Level 6.2 Spellcasting
 + Level 6.8 Hexes
 + Level 0.9 Transmutations
 + Level 0.9 Earth Magic


You had 5 spell levels left.
You knew the following spells:

 Your Spells              Type           Power      Damage    Failure   Level
b - Ensorcelled Hibernat  Hex/Ice        42%        N/A       1%          2
c - Confusing Touch       Hex            36%        N/A       1%          3
d - Tukima's Dance        Hex            36%        N/A       1%          3
f - Dazzling Flash        Conj/Hex       42%        N/A       2%          3
p - Passwall              Tmut/Erth      8%         N/A       4%          2

Your spell library contained the following spells:

 Spells                   Type           Power      Damage    Failure   Level
 Sandblast                Erth           20%        2d7       2%          1
 Apportation              Tloc           12%        N/A       3%          1
 Necrotise                Necr           24%        1d5       3%          1
 Summon Small Mammal      Summ           24%        N/A       3%          1
 Stone Arrow              Conj/Erth      16%        3d8       9%          3


Dungeon Overview and Level Annotations

Branches:
Dungeon (5/15)             Temple (1/1) D:4

Altars:
Ashenzari
Cheibriados
Elyvilon
Fedhas
Hepliaklqana
Kikubaaqudgha
Makhleb
Nemelex Xobeh
Okawaru
Qazlal
Ru
Sif Muna
Trog
Uskayaw
Vehumet
Wu Jian
Xom
Zin
The Shining One

Annotations:
D:5 2 transporters, Barsley's ghost, weakling MeDe


Message History

You hear a shout! x2
The orc wizard casts a spell at you. The puff of flame hits you.
The orc wizard gestures wildly while chanting.
The orc wizard flickers and vanishes!
Deactivating autopickup; reactivate with Ctrl-A.
The orc wizard casts a spell.
The orc wizard flickers and vanishes!
You hear a shout!
The orc wizard points at you and mumbles some strange words.
The magic dart hits you!
The orc wizard hits you but does no damage.
The orc wizard looks drowsy...
The helpless orc wizard fails to defend itself.
You spit the orc wizard like a pig!!!
You kill the orc wizard!
Things that are here:
a +0 dagger; a +0 robe An orc comes into view.
It is wielding a +0 club.
Found a stone staircase leading down.
An orc priest comes into view. It is wielding a +0 falchion.
An orc comes into view. It is wielding a +0 flail.
The orc struggles to resist.
The orc hits you with a +0 club.
The orc priest resists with significant effort.
The orc priest misses you. The orc hits you with a +0 club.
You miscast Ensorcelled Hibernation.
You are very lightly contaminated with residual magic.
Nothing appears to happen.
The orc priest hits you with a +0 falchion.
The orc hits you with a +0 club.
You are too injured to fight recklessly!
Casting: Ensorcelled Hibernation (safe; 1% risk of failure)
Confirm with . or Enter, or press ? or * to list all spells.
Aiming: Ensorcelled Hibernation (safe; 1% risk of failure)
Press: ? - help, Shift-Dir - straight line, f/p - orc priest
Aim: an orc priest, wielding a +0 falchion and wearing a +0 scale mail (chance to affect: 53%)
The orc priest resists with significant effort.
The orc priest mumbles some strange prayers to Beogh against you.
Beogh smites you!
You die...

##.# ##...## ###
##.....# >. #.....{.
.. ###...o{# .#
........# o#
≈≈≈≈≈≈≈.#####o#
......≈....)@o#
###.#.≈.####..# #.≈.#
..#.≈.# #..#
#.≈.#._.#.≈.# ####
#.≈.#.. #.≈.#########
#.≈.#.###.≈.........#
..≈.......≈..######.#
...≈≈≈≈≈≈≈≈..#
###.########
.............#
#...........


You could see an orc priest and 2 orcs.

Vanquished Creatures
  An ogre (D:5)
  A phantom (D:4)
  2 scorpions (D:5)
  A howler monkey (D:4)
  An orc priest (D:4)
  3 iguanas (D:5)
  3 orc wizards
  10 adders
  A shadow imp (D:5)
  3 dart slugs
  9 orcs
  4 bats
  9 endoplasms
  4 giant cockroaches
  9 goblins
  4 hobgoblins
  5 jackals (D:4)
  5 kobolds
  4 quokkas
  5 ball pythons
  6 frilled lizards
  7 rats
97 creatures vanquished.

Vanquished Creatures (collateral kills)
  Sigmund (D:3)
1 creature vanquished.

Vanquished Creatures (others)
  2 plants (D:4)
2 creatures vanquished.

Grand Total: 100 creatures vanquished

Notes
Turn   | Place    | Note
-------+----------+-------------------------------------------
     0 | D:1      | mopl the Deep Elf Enchanter began the quest for the Orb.
     0 | D:1      | Reached XP level 1. HP: 10/10 MP: 6/6
   179 | D:1      | Reached XP level 2. HP: 15/15 MP: 8/8
   182 | D:1      | Learned a level 2 spell: Ensorcelled Hibernation
   297 | D:1      | Reached skill level 4 in Stealth
   651 | D:2      | Reached XP level 3. HP: 19/19 MP: 10/10
   655 | D:2      | Learned a level 3 spell: Tukima's Dance
   659 | D:2      | Learned a level 3 spell: Confusing Touch
   894 | D:2      | Reached skill level 2 in Short Blades
   950 | D:2      | You fall into a shaft and drop 1 floor!
   964 | D:3      | Found a shimmering altar of Xom.
  1123 | D:2      | Reached XP level 4. HP: 24/24 MP: 11/11
  1368 | D:2      | Reached skill level 4 in Spellcasting
  1779 | D:3      | Found a burning altar of Makhleb.
  1782 | D:3      | Found a glowing silver altar of Zin.
  1782 | D:3      | Noticed an angel
  1783 | D:3      | Noticed an Executioner
  1841 | D:3      | Learned a level 3 spell: Dazzling Flash
  1909 | D:3      | Noticed Sigmund
  1923 | D:3      | Killed Sigmund
  1924 | D:3      | Reached skill level 3 in Short Blades
  1924 | D:3      | Reached skill level 5 in Stealth
  1924 | D:3      | Reached skill level 5 in Hexes
  1924 | D:3      | Reached XP level 5. HP: 20/28 MP: 5/14
  1970 | D:3      | Reached XP level 6. HP: 28/32 MP: 13/15
  2117 | D:3      | Reached skill level 5 in Spellcasting
  2366 | D:4      | Found a staircase to the Ecumenical Temple.
  2381 | Temple   | Entered the Ecumenical Temple
  2515 | D:4      | Found a white marble altar of Elyvilon.
  2795 | D:4      | Reached skill level 6 in Hexes
  2988 | D:5      | Entered Level 5 of the Dungeon
  3074 | D:4      | Reached skill level 6 in Stealth
  3171 | D:5      | Reached XP level 7. HP: 36/36 MP: 12/17
  3247 | D:5      | Reached skill level 4 in Short Blades
  3247 | D:5      | Reached skill level 6 in Spellcasting
  3318 | D:5      | Learned a level 2 spell: Passwall
  3351 | D:5      | Noticed Barsley's ghost (weakling MeDe)
  3371 | D:5      | Found an iron altar of Okawaru.
  3387 | D:5      | Found a transporter.
  3392 | D:5      | Found a transporter.
  3483 | D:5      | Killed from afar by an orc priest

Illustrated notes

Levels and vault maps discovered:
D:1:      minmay_arrival_plants_in_alcoves, layout_basic, corner_web_ring
D:2:      minmay_door_path, layout_basic, st_stairs_8, kennysheep_nondescript
D:3:      layout_basic, grunt_temple_overflow_order_and_chaos_2,
          mainiacjoe_overflow_six_doors_small, st_stairs_3,
          minmay_misc_feat_rows, uniq_sigmund
D:4:      layout_rooms, mainiacjoe_overflow_alcove_4,
          minmay_temple_entry_purple_smoke, kennysheep_potato
D:5:      layout_loops_ring, mainiacjoe_overflow_brackets, gammafunk_ghost_hive,
          pf_guarded_unrand_meek
Temple:   zaba_magenta_temple

Skill      XL: |  1  2  3  4  5  6  7 |
---------------+----------------------+-----
Stealth        | 4 5 6 |  6.6
Short Blades   | 2 3 4 |  4.2
Spellcasting   | 4 5 6 |  6.2
Hexes          | 5 6 |  6.8
Dodging        | |  2.4
Transmutations | |  0.9
Earth Magic    | |  0.9

Action                     |  1- 3 |  4- 6 |  7- 9 || total
---------------------------+-------+-------+-------++-------
  Melee: Dagger            |    80 |    99 |    21 ||   200
   Cast: Ensorcelled Hiber |    14 |    50 |    15 ||    79
         Tukima's Dance    |       |     1 |     1 ||     2
         Confusing Touch   |       |     1 |     1 ||     2
    Use: Scroll            |       |     7 |       ||     7
   Stab: Sleeping          |    18 |    41 |    10 ||    69
         Confused          |       |     2 |       ||     2
 Armour: Robe              |    10 |    16 |     2 ||    28
  Dodge: Dodged            |    36 |    69 |     7 ||   112

Table legend: (Time is in decaauts)
 A = Elapsed time spent in this place.
 B = Non-inter-level travel time spent in this place.
 C = Inter-level travel time spent in this place.
 D = Time resting spent in this place.
 E = Time spent auto-exploring this place.
 F = Levels seen in this place.
 G = Mean time per level.
                   A        B        C        D        E       F      G
               +--------+--------+--------+--------+--------+-----+--------+
         Total |   3462 |   3215 |    247 |    123 |   2304 |   6 |  577.0 |
       Dungeon |   3389 |   3162 |    227 |    123 |   2254 |   5 |  677.8 |
        Temple |     73 |     54 |     19 |      0 |     50 |   1 |   73.0 |
               +--------+--------+--------+--------+--------+-----+--------+

Top non-repeatable levels by time:
     D:2: 1025 daAuts
     D:4: 699 daAuts
     D:3: 671 daAuts
     D:1: 639 daAuts
     D:5: 353 daAuts
  Temple: 73 daAuts
